 Dungeon Crawl Stone Soup version 0.30-a0-459-g9104f0fc43 (webtiles) character file.

Game seed: 1348007436199371972

863 NinjaNoafa the Summoner (level 7, 0/27 HPs)
             Began as a Felid Summoner on Dec 15, 2022.
             Was an Initiate of Gozag.
             Slain by a killer bee (6 damage)
             ... on level 7 of the Dungeon.
             The game lasted 00:10:15 (5671 turns).

NinjaNoafa the Summoner (Felid Summoner)            Turns: 5671, Time: 00:10:15

Health: 0/27       AC:  2    Str:  4    XL:     7   Next: 72%
Magic:  11/18      EV: 17    Int: 19    God:    Gozag
Gold:   495        SH:  0    Dex: 16    Spells: 7/20 levels left
                                        Lives:  0   Deaths: 2

rFire   . . .      SeeInvis +    (weapon unavailable)
rCold   . . .      Faith    .    (shield unavailable)
rNeg    + . .      Spirit   .    (body armour unavailable)
rPois   .          Reflect  .    (helmet unavailable)
rElec   .          Harm     .    (cloak unavailable)
rCorr   .          Rampage  .    (gloves unavailable)
Will    +....                    (boots unavailable)
Stlth   ++........               k - amulet of magic regeneration
HPRegen 0.24/turn                p - ring of positive energy
MPRegen 0.56/turn                (no ring)

@: gold aura, quick
A: very small, claws 1, fangs 3, see invisible, speed 1, shaggy fur 2, stealthy
paws, no weapons or thrown items, no armour, multi-lived
a: Renounce Religion, Potion Petition, Call Merchant, Bribe Branch


You were on level 7 of the Dungeon.
You worshipped Gozag.
Gozag was aware of your devotion.
You visited 2 branches of the dungeon, and saw 8 of its levels.

You collected 537 gold pieces.
You paid 42 gold pieces to Gozag.

Inventory:

Jewellery
 k - an amulet of magic regeneration (around neck)
 p - a ring of positive energy (left paw)
Wands
 q - a wand of charming (14)
 t - a wand of iceblast (21)
Scrolls
 d - a scroll of amnesia {unknown}
 f - 2 scrolls of fog {unknown}
 g - 2 scrolls of vulnerability {unknown}
 l - a scroll of poison {unknown}
 s - a scroll of teleportation {unknown}
 u - 4 scrolls of identify {unknown}
 v - a scroll of enchant armour {unknown}
 w - a scroll of blinking {unknown}
Potions
 a - a potion of magic
 b - a potion of brilliance {unknown}
 c - a potion of degeneration {unknown}
 e - a potion of heal wounds {unknown}
 h - 2 potions of haste {unknown}
 i - 2 potions of might {unknown}
 j - a potion of berserk rage {unknown}
 m - a potion of flight {unknown}
 n - 4 potions of curing
 o - 4 potions of attraction {unknown}
 r - 2 potions of mutation {unknown}


   Skills:
 - Level 2.6 Dodging
 - Level 2.6 Stealth
 + Level 7.0 Spellcasting
 - Level 5.0 Hexes
 + Level 8.4 Summonings


You had 7 spell levels left.
You knew the following spells:

 Your Spells              Type           Power      Damage    Failure   Level
a - Summon Small Mammal   Summ           100%       N/A       1%          1
b - Call Imp              Summ           38%        N/A       1%          2
c - Call Canine Familiar  Summ           38%        N/A       1%          3
d - Summon Guardian Gole  Hex/Summ       32%        N/A       1%          3
g - Confusing Touch       Hex            25%        N/A       3%          3
h - Slow                  Hex            100%       N/A       1%          1

Your spell library contained the following spells:

 Spells                   Type           Power      Damage    Failure   Level
 Summon Lightning Spire   Summ/Air       22%        N/A       17%         4
 Vampiric Draining        Necr           6%         2d6       30%         3
 Orb of Destruction       Conj           3%         9d5       100%        7
 Spellforged Servitor     Conj/Summ      11%        N/A       100%        7


Dungeon Overview and Level Annotations

Branches:
Dungeon (7/15)             Temple (1/1) D:5

Altars:
Cheibriados
Dithmenos
Gozag
Hepliaklqana
Kikubaaqudgha
Nemelex Xobeh
Okawaru
Qazlal
Ru
Sif Muna
Trog
Uskayaw
Vehumet
Wu Jian
Zin


Innate Abilities, Weirdness & Mutations

You have sharp claws.
You have razor-sharp teeth.
You have supernaturally acute eyesight. (SInv)
You cover ground quickly. (Speed+)
You are covered in thick fur. (AC +2)
Your paws help you pounce on unaware monsters.
You are incapable of wielding weapons or throwing items.
You cannot wear armour.
You gain extra lives every three experience levels.


Message History

The fiery explosion engulfs the killer bee!!!
The killer bee dies!
Your wolf is engulfed in blazing flames.
Your wolf dies!
Your wolf's corpse disappears in a puff of smoke!
You hear an angry buzzing noise.
Casting: Call Canine Familiar (safe; 1% risk of failure)
Confirm with . or Enter, or press ? or * to list all spells.
A guardian golem appears, shielding your allies.
You hear an angry buzzing noise. x2
The killer bee stings you.
You are poisoned.
The killer bee poisons you! The killer bee misses you.
You swap places.
You feel sick. The killer bee stings you!
You are more poisoned.
The killer bee poisons you! The killer bee completely misses you.
Okay, then.
The killer bee attacks as you move away!
The killer bee closely misses you.
You feel very sick.
Casting: Summon Guardian Golem (safe; 1% risk of failure)
Confirm with . or Enter, or press ? or * to list all spells.
You feel very sick. The killer bee stings you. The killer bee stings you!
* * * LOW HITPOINT WARNING * * *
You feel better. The killer bee closely misses you. The killer bee misses you.
Your hound closely misses the killer bee.
The killer bee completely misses you.
You swap places.
The killer bee barely misses you.
Your hound bites the killer bee.
Your hound completely misses the killer bee.
The killer bee stings you!
* * * LOW HITPOINT WARNING * * *
Your hound barely misses the killer bee.
Casting: Call Canine Familiar (safe; 1% risk of failure)
Confirm with . or Enter, or press ? or * to list all spells.
A beastly little devil appears in a puff of frigid air.
The killer bee stings you.
You die...
Your body crumbles into a pile of gold.

### ##.# ########..#
#.........+ $
.......9#5+ #
......#hy.+$$ .# .....
###@####.# #..#....
#$?'......# ...#...#
#?#'$#....#
#..#...###y$$.$....#
#..#.....####$.....#
#..#.>.............#
#..#.......§$......#
####..#.......§.#######
#.....'.......§§##


You could see a killer bee (ally target), a friendly guardian golem (summoned),
a friendly hound (summoned, sheltered) and a friendly white imp (summoned).

Vanquished Creatures (collateral kills)
  A sky beast (D:6)
  An ogre (D:5)
  A phantom (D:5)
  A necrophage (D:6)
  A kobold brigand (D:6)
  A scorpion (D:5)
  2 jellies
  3 hounds
  Terence (D:3)
  An iguana (D:7)
  2 orc wizards
  Natasha (thrice) (D:3)
  A nameless horror (D:5)
  9 adders
  2 white imps (D:5)
  2 dart slugs
  8 orcs
  7 ball pythons
  3 bats
  9 endoplasms
  3 giant cockroaches
  4 goblins
  3 hobgoblins
  11 jackals
  5 quokkas
  4 frilled lizards
  12 kobolds
  4 rats
105 creatures vanquished.

Vanquished Creatures (others)
  A wyvern (D:7)
  2 water moccasins (D:5)
  An ice beast (D:6)
  A necrophage (D:5)
  4 killer bees (D:7)
  A jelly (D:5)
  An iguana (D:5)
  An orc (D:4)
  A hobgoblin (D:4)
  A jackal (D:5)
  A kobold (D:4)
15 creatures vanquished.

Grand Total: 120 creatures vanquished

Notes
Turn   | Place    | Note
-------+----------+-------------------------------------------
     0 | D:1      | NinjaNoafa the Felid Summoner began the quest for the Orb.
     0 | D:1      | Reached XP level 1. HP: 7/7 MP: 4/4
   231 | D:1      | Reached XP level 2. HP: 11/11 MP: 4/6
   298 | D:1      | Learned a level 2 spell: Call Imp
  1009 | D:2      | Reached XP level 3. HP: 13/14 MP: 5/8
  1029 | D:2      | Learned a level 3 spell: Call Canine Familiar
  1686 | D:3      | Noticed Natasha
  1698 | D:3      | Killed Natasha
  1699 | D:3      | Reached skill level 5 in Summonings
  1699 | D:3      | Reached XP level 4. HP: 18/18 MP: 8/10
  1903 | D:3      | Noticed Terence
  1919 | D:3      | Killed Terence
  1983 | D:3      | Noticed Natasha
  1989 | D:3      | Killed Natasha
  1990 | D:3      | Reached XP level 5. HP: 21/21 MP: 6/11
  1996 | D:3      | Noticed Natasha
  2032 | D:3      | Killed Natasha
  2276 | D:3      | Identified the +10 whip of Mamivehu {freeze, Int+2}
  2459 | D:4      | Gained mutation: You are covered in thick fur. (AC +2)
                  | [Felid growth]
  2459 | D:4      | Reached XP level 6. HP: 24/24 MP: 11/13
  2472 | D:4      | Learned a level 3 spell: Summon Guardian Golem
  2526 | D:4      | Reached skill level 6 in Summonings
  2628 | D:4      | Found an opulent altar of Gozag.
  2655 | D:4      | Became a worshipper of Gozag Ym Sagoz the Greedy
  2839 | D:4      | Found a radiant altar of Vehumet.
  3317 | D:5      | Entered Level 5 of the Dungeon
  3430 | D:5      | Noticed a water moccasin
  3432 | D:5      | Found a staircase to the Ecumenical Temple.
  3456 | D:5      | Killed a water moccasin
  3457 | D:5      | Reached skill level 5 in Spellcasting
  3464 | Temple   | Entered the Ecumenical Temple
  3700 | D:5      | Killed from afar by a white imp
  3701 | D:5      | Reached XP level 5. HP: -3/21 MP: 10/13
  3732 | D:5      | Reached skill level 1 in Hexes
  3732 | D:5      | Reached XP level 6. HP: 24/24 MP: 10/14
  3808 | D:5      | Noticed a water moccasin
  3829 | D:5      | Killed a water moccasin
  3830 | D:5      | Reached XP level 7. HP: 20/27 MP: 16/16
  3864 | D:5      | Reached skill level 7 in Summonings
  3914 | D:5      | Learned a level 1 spell: Slow
  4010 | D:5      | Found an iron altar of Okawaru.
  4816 | D:6      | Reached skill level 5 in Hexes
  5117 | D:6      | Found a hazy altar of Hepliaklqana.
  5209 | D:6      | Reached XP level 8. HP: 31/31 MP: 10/18
  5572 | D:7      | Learned a level 3 spell: Confusing Touch
  5637 | D:7      | Slain by a killer bee
  5638 | D:7      | Reached XP level 7. HP: -3/27 MP: 12/17
  5642 | D:7      | Noticed a wyvern
  5649 | D:7      | Reached skill level 8 in Summonings
  5649 | D:7      | Killed a wyvern
  5666 | D:7      | HP: 1/27 [killer bee (8)]
  5671 | D:7      | Slain by a killer bee

Illustrated notes

Levels and vault maps discovered:
D:1:      lemuel_arrival_cross, layout_rooms
D:2:      layout_basic
D:3:      layout_loops_cross, uniq_natasha, uniq_terence
D:4:      layout_gridville, vehumet_crystals, mainiacjoe_overflow_boulevard,
          palyth_stone_intersect, nicolae_kite_square_tiling_tiny
D:5:      layout_basic, mainiacjoe_overflow_small_starburst,
          minmay_temple_entry_mist, lemuel_flamethrower_2
D:6:      layout_basic, nicolae_hepliaklqana_hazy_memory
D:7:      layout_gridville, fedhas_altar_2, nicolae_overflow_crystal_walls,
          xom_redecorated, kennysheep_mini, eino_jars
Temple:   minmay_temple_curvy_loop

Skill      XL: |  1  2  3  4  5  6  7 |
---------------+----------------------+-----
Spellcasting   | 3 4 5 7 |  7.0
Summonings     | 5 6 8 |  8.4
Hexes          | 1 3 5 |  5.0
Dodging        | |  2.6
Stealth        | |  2.6

Action                   |  1- 3 |  4- 6 |  7- 9 || total
-------------------------+-------+-------+-------++-------
 Cast: Summon Small Mamm |    49 |    53 |    29 ||   131
       Call Imp          |    22 |    28 |    19 ||    69
       Call Canine Famil |     7 |    24 |    22 ||    53
       Summon Guardian G |       |     9 |    11 ||    20
       Slow              |       |       |     4 ||     4
       Confusing Touch   |       |       |     1 ||     1
  Use: Potion            |       |       |     2 ||     2
Armor: Skin              |     1 |     2 |     6 ||     9
Dodge: Dodged            |    24 |    47 |    38 ||   109

Table legend: (Time is in decaauts)
 A = Elapsed time spent in this place.
 B = Non-inter-level travel time spent in this place.
 C = Inter-level travel time spent in this place.
 D = Time resting spent in this place.
 E = Time spent auto-exploring this place.
 F = Levels seen in this place.
 G = Mean time per level.
                   A        B        C        D        E       F      G
               +--------+--------+--------+--------+--------+-----+--------+
         Total |   4905 |   4770 |    135 |      0 |   3312 |   8 |  613.1 |
       Dungeon |   4725 |   4609 |    116 |      0 |   3156 |   7 |  675.0 |
        Temple |    180 |    161 |     19 |      0 |    155 |   1 |  180.0 |
               +--------+--------+--------+--------+--------+-----+--------+

Top non-repeatable levels by time:
     D:5: 899 daAuts
     D:1: 855 daAuts
     D:4: 814 daAuts
     D:6: 782 daAuts
     D:3: 714 daAuts
     D:2: 500 daAuts
  Temple: 180 daAuts
     D:7: 159 daAuts
